 Dungeon Crawl Stone Soup version 0.27-a0-906-g0a00ce863d (webtiles) character file.

Game seed: 11683875655119612529

85 spiderkeys the Bolt Thrower (level 4, -1/27 HPs)
             Began as a Kobold Hunter on Apr 6, 2021.
             Engulfed by a steam dragon's steam (10 damage)
             ... on level 3 of the Dungeon.
             The game lasted 00:02:40 (2744 turns).

spiderkeys the Bolt Thrower (Kobold Hunter)         Turns: 2744, Time: 00:02:41

Health: -1/27      AC:  3    Str:  9    XL:     4   Next: 75%
Magic:  4/4        EV: 14    Int: 12    God:
Gold:   125        SH:  0    Dex: 16    Spells: 3/3 levels left

rFire    . . .     SeeInvis .   a - +1 hand crossbow
rCold    . . .     Faith    .   (shield restricted)
rNeg     . . .     Spirit   .   c - +0 leather armour
rPois    .         Reflect  .   (no helmet)
rElec    .         Harm     .   (no cloak)
rCorr    +         Rampage  .   (no gloves)
Will     .....                  (no boots)
Stlth    +++.......             (no amulet)
HPRegen  0.09/turn              k - ring of resist corrosion
MPRegen  0.09/turn              (no ring)

@: no status effects
A: small, no large weapons, nightstalker 3
a: no special abilities


You were on level 3 of the Dungeon.
You visited 1 branch of the dungeon, and saw 3 of its levels.

You collected 125 gold pieces.

Inventory:

Hand Weapons
 a - a +1 hand crossbow (weapon)
 b - a +0 short sword
Missiles
 d - a bolt (quivered ammo)
Armour
 c - a +0 leather armour (worn)
Jewellery
 j - an amulet of faith
 k - a ring of resist corrosion (left hand)
Scrolls
 e - a scroll of enchant armour
 h - a scroll of noise {unknown}
 i - a scroll of teleportation {unknown}
Potions
 g - 3 potions of curing
 l - 2 potions of berserk rage


   Skills:
 + Level 2.8 Fighting
 * Level 2.8 Short Blades
 - Level 5.0 Crossbows
 + Level 3.0 Dodging
 * Level 3.5 Stealth


You had 3 spell levels left.
You didn't know any spells.
Your spell library was empty.

Dungeon Overview and Level Annotations

Branches:
Dungeon (3/15)

Altars:
Nemelex Xobeh


Innate Abilities, Weirdness & Mutations

You are small and have problems with some larger weapons.
You are completely attuned to the shadows.


Message History

You feel a bit more experienced.
Your Dodging skill increases to level 3!
You start resting.
A steam dragon is nearby!
You start resting.
HP restored.
An orc comes into view. It is wielding a +0 flail.
a - a +1 hand crossbow (weapon)
No target in view!
An orc is nearby!
You shoot a bolt. The orc shouts!
The bolt hits the orc.
The orc is severely wounded.
You shoot a bolt.
The bolt hits the orc but does no damage.
The orc is severely wounded.
An orc is nearby!
You shoot a bolt. The bolt hits the orc.
You kill the orc!
A steam dragon is nearby!
You shoot a bolt.
The bolt closely misses the steam dragon.
The steam dragon breathes steam at you. The ball of steam hits you!
You hear an angry hiss.
No target in view!
You shoot a bolt. The bolt hits the steam dragon.
The steam dragon is lightly wounded.
You shoot a bolt.
The bolt hits the steam dragon but does no damage.
The steam dragon is lightly wounded.
The steam dragon closely misses you. The steam dragon claws you.
You shoot a bolt. The bolt hits the steam dragon.
The steam dragon is lightly wounded.
The steam dragon breathes steam at you. The ball of steam hits you!
You are too injured to fight recklessly!
You are engulfed in a cloud of scalding steam.
You die...

.....# o..
#.....##########.###
+D........))).......
#(....##########.###
#.(...# ... #..§(.#
D### #####D# .# #§#
#@# #§#########
#§.......<#
###########


You could see a steam dragon (catching breath).

Vanquished Creatures
  An orc wizard (D:3)
  2 adders (D:2)
  A worm (D:2)
  4 orcs (D:3)
  3 endoplasms
  3 giant cockroaches
  4 goblins
  3 hobgoblins (D:1)
  4 kobolds
  4 bats
  2 frilled lizards
  4 rats
35 creatures vanquished.

Notes
Turn   | Place    | Note
-------+----------+-------------------------------------------
     0 | D:1      | spiderkeys the Kobold Hunter began the quest for the Orb.
     0 | D:1      | Reached XP level 1. HP: 12/12 MP: 1/1
   330 | D:1      | Reached skill level 1 in Short Blades
   330 | D:1      | Reached XP level 2. HP: 15/17 MP: 2/2
   930 | D:1      | Reached XP level 3. HP: 14/22 MP: 3/3
  1129 | D:2      | Found a faded altar of an unknown god.
  1145 | D:2      | Reached skill level 5 in Crossbows
  1243 | D:2      | Found a sparkling altar of Nemelex Xobeh.
  1757 | D:2      | Reached XP level 4. HP: 26/27 MP: 4/4
  2485 | D:3      | Noticed a steam dragon
  2744 | D:3      | Engulfed by a steam dragon's steam

Illustrated notes

Levels and vault maps discovered:
D:1:      minmay_arrival_wavy_path, layout_rooms
D:2:      minmay_skewed_foursquare, layout_loops_ring, basic_ecumenical_altar,
          basic_altar, chequers_jeans, kennysheep_generic_room_15
D:3:      layout_basic, uniq_terence

Skill      XL: |  1  2  3  4 |
---------------+-------------+-----
Short Blades   | 1 2 |  2.8
Stealth        | 2 3 |  3.5
Crossbows      | 5 |  5.0
Dodging        | 3 |  3.0
Fighting       | |  2.8

Action                   |  1- 3 |  4- 6 || total
-------------------------+-------+-------++-------
Melee: Short sword       |    99 |    22 ||   121
 Fire: Hand crossbow     |     1 |    34 ||    35
  Use: Scroll            |       |     3 ||     3
 Stab: Sleeping          |     9 |       ||     9
Armor: Leather armour    |    22 |     6 ||    28
Dodge: Dodged            |    55 |    10 ||    65

Table legend: (Time is in decaauts)
 A = Elapsed time spent in this place.
 B = Non-inter-level travel time spent in this place.
 C = Inter-level travel time spent in this place.
 D = Time resting spent in this place.
 E = Time spent auto-exploring this place.
 F = Levels seen in this place.
 G = Mean time per level.
                   A        B        C        D        E       F      G
               +--------+--------+--------+--------+--------+-----+--------+
         Total |   2750 |   2719 |     31 |    205 |   2202 |   3 |  916.7 |
       Dungeon |   2750 |   2719 |     31 |    205 |   2202 |   3 |  916.7 |
               +--------+--------+--------+--------+--------+-----+--------+

Top non-repeatable levels by time:
     D:2: 1404 daAuts
     D:1: 1053 daAuts
     D:3: 293 daAuts
